 Dungeon Crawl Stone Soup version 0.28.0-43-g3370ac3207 (webtiles) character file.

Game seed: 4473007279831233241

112 jimonade the Nimble (level 4, -2/32 HPs)
             Began as a Gnoll Wanderer on Mar 17, 2022.
             Slain by Ijyb
             ... wielding a +0 club
              (3 damage)
             ... on level 3 of the Dungeon.
             The game lasted 00:11:08 (2266 turns).

jimonade the Nimble (Gnoll Wanderer)                Turns: 2266, Time: 00:11:09

Health: -2/32      AC:  7    Str: 10    XL:     4   Next: 93%
Magic:  11/11      EV: 24    Int: 14    God:
Gold:   78         SH:  0    Dex: 12    Spells: 9/13 levels left

rFire   + + .      SeeInvis .     - Unarmed
rCold   + + .      Faith    .   (shield currently unavailable)
rNeg    + + +      Spirit   .   (armour currently unavailable)
rPois   ∞          Reflect  .   (helmet currently unavailable)
rElec   +          Harm     .   (cloak currently unavailable)
rCorr   +          Rampage  .   (gloves currently unavailable)
Will    .....                   (boots currently unavailable)
Stlth   ++........              (amulet currently unavailable)
HPRegen 0.10/turn               (ring currently unavailable)
MPRegen 0.12/turn               (ring currently unavailable)

@: wisp-form, flying
A: insubstantial, flying, no casting, tiny, (fangs 1), strong nose, distributed
training, (horns 1), (iridescent scales 1), subdued magic 1
a: no special abilities


You were on level 3 of the Dungeon.
You were an insubstantial wisp.
You visited 1 branch of the dungeon, and saw 3 of its levels.

You collected 78 gold pieces.

Inventory:

Hand Weapons
 a - a +0 dagger
 f - a +0 whip
 i - a +0 short sword
 j - a +4 dagger (melded)
 p - a +1 dagger of venom
Missiles
 c - 33 stones
 h - 22 bolts
Armour
 d - a +2 leather armour (melded)
 e - a +0 chain mail
 o - a +0 leather armour
Magical Staves
 s - a staff of fire
Wands
 b - a wand of flame (1)
 r - a wand of iceblast (21)
Scrolls
 k - a scroll of holy word {unknown}
 l - a scroll of immolation {unknown}
Potions
 n - a potion of degeneration {unknown}
 q - 2 potions of haste {unknown}


   Skills:
 + Level 1.2 Fighting
 + Level 1.2 Short Blades
 + Level 1.2 Long Blades
 + Level 1.2 Axes
 + Level 1.2 Maces & Flails
 + Level 1.2 Polearms
 + Level 1.2 Staves
 + Level 1.2 Slings
 + Level 1.2 Bows
 + Level 1.2 Crossbows
 + Level 1.2 Throwing
 + Level 1.2 Armour
 + Level 10.5 Dodging
 + Level 1.2 Stealth
 + Level 1.2 Shields
 + Level 1.2 Unarmed Combat
 + Level 5.1 Spellcasting
 + Level 1.0 Conjurations
 + Level 1.0 Hexes
 + Level 1.0 Summonings
 + Level 1.0 Necromancy
 + Level 1.0 Translocations
 + Level 1.0 Transmutations
 + Level 1.0 Fire Magic
 + Level 1.0 Ice Magic
 + Level 1.0 Air Magic
 + Level 2.3 Earth Magic
 + Level 1.0 Poison Magic
 + Level 1.4 Invocations
 + Level 4.7 Evocations


You had 9 spell levels left.
You knew the following spells:

 Your Spells              Type           Power      Damage    Failure   Level
a - Sandblast             Erth           14%        2d6       5%          1
b - Stone Arrow           Conj/Erth      12%        3d7       22%         3

Your spell library contained the following spells:

 Spells                   Type           Power      Damage    Failure   Level


Dungeon Overview and Level Annotations

Branches:
Dungeon (3/15)

Altars:
Uskayaw

Annotations:
D:3 Ijyb


Innate Abilities, Weirdness & Mutations

You are an insubstantial wisp.
Your tiny insubstantial body is highly resistant to most damage types.
You are flying.
Your equipment is entirely melded.
You are incapable of wielding weapons or throwing items.
You cannot cast spells.
((You have very sharp teeth.))
Your uncanny sense of smell can sniff out nearby items.
Your experience applies equally to all skills.
((You have a pair of small horns on your head.))
((You are partially covered in iridescent scales. (AC +2)))
Your spells are a little easier to cast, but a little less powerful.


Message History

* * * LOW HITPOINT WARNING * * *
It was a potion of mutation.
You feel extremely strange. A pair of horns grows on your head!
Iridescent scales grow over part of your body.
Your connection to magic feels subdued.
The frilled lizard closely misses you.
Ijyb zaps a wand.
You turn into an insubstantial wisp.
Your +4 dagger melds into your body.
Your +2 leather armour melds into your body.
You touch Ijyb but do no damage.
Ijyb is severely wounded.
The frilled lizard completely misses you.
Ijyb completely misses you.
You completely miss Ijyb.
Ijyb is severely wounded.
The frilled lizard barely misses you. Ijyb misses you.
You touch Ijyb.
Ijyb is severely wounded.
The frilled lizard closely misses you.
You touch Ijyb but do no damage.
Ijyb is severely wounded.
Ijyb hits you with a +0 club.
* * * LOW HITPOINT WARNING * * *
The frilled lizard bites you but does no damage.
You touch Ijyb but do no damage.
Ijyb is severely wounded.
Ijyb hits you with a +0 club.
* * * LOW HITPOINT WARNING * * *
The frilled lizard completely misses you.
You barely miss Ijyb.
Ijyb is severely wounded.
Ijyb closely misses you. The frilled lizard barely misses you.
You touch Ijyb but do no damage.
Ijyb is severely wounded.
Ijyb hits you with a +0 club.
* * * LOW HITPOINT WARNING * * *
The frilled lizard bites you but does no damage.
You barely miss Ijyb.
Ijyb is severely wounded.
Ijyb hits you with a +0 club.
You die...

#.# ## #$## . #..
.# . #.##.##..
######........
####.............
#......†.gb..#
#..
#.##.####l###...#
#.# #vg...# #<#
#####...# #.# #.#
#.# #.# #.# #.#
#.# #.#


You could see Ijyb, a goblin, a bat and a frilled lizard.

Vanquished Creatures
  Jessica (D:2)
  2 adders (D:2)
  2 worms (D:2)
  2 dart slugs
  3 ball pythons
  10 bats
  2 endoplasms
  2 giant cockroaches
  4 goblins
  12 hobgoblins
  6 kobolds
  A quokka (D:1)
  3 frilled lizards
  5 rats (D:2)
55 creatures vanquished.

Notes
Turn   | Place    | Note
-------+----------+-------------------------------------------
     0 | D:1      | Reached skill level 10 in Dodging
     0 | D:1      | jimonade the Gnoll Wanderer began the quest for the Orb.
     0 | D:1      | jimonade set off with the following items: a +0 dagger, a
                  | wand of flame (3), 40 stones, a +2 leather armour; and the
                  | following spell memorised: Sandblast; and the following
                  | spells available to memorise: Stone Arrow
     0 | D:1      | Reached XP level 1. HP: 13/13 MP: 6/6
   417 | D:1      | Reached XP level 2. HP: 19/19 MP: 3/7
   812 | D:1      | Reached XP level 3. HP: 22/25 MP: 3/9
   813 | D:1      | Reached skill level 5 in Spellcasting
  1116 | D:1      | Found a faded altar of an unknown god.
  1415 | D:2      | Reached skill level 1 in Invocations
  1622 | D:2      | Found a hide-covered altar of Uskayaw.
  1652 | D:2      | Noticed Jessica
  1657 | D:2      | Killed Jessica
  1658 | D:2      | Reached skill level 1 in Fighting
  1658 | D:2      | Reached skill level 1 in Short Blades
  1658 | D:2      | Reached skill level 1 in Long Blades
  1658 | D:2      | Reached skill level 1 in Axes
  1658 | D:2      | Reached skill level 1 in Maces & Flails
  1658 | D:2      | Reached skill level 1 in Polearms
  1658 | D:2      | Reached skill level 1 in Staves
  1658 | D:2      | Reached skill level 1 in Slings
  1658 | D:2      | Reached skill level 1 in Bows
  1658 | D:2      | Reached skill level 1 in Crossbows
  1658 | D:2      | Reached skill level 1 in Throwing
  1658 | D:2      | Reached skill level 1 in Armour
  1658 | D:2      | Reached skill level 1 in Stealth
  1658 | D:2      | Reached skill level 1 in Shields
  1658 | D:2      | Reached skill level 1 in Unarmed Combat
  1658 | D:2      | Reached XP level 4. HP: 32/32 MP: 8/11
  1819 | D:2      | Reached skill level 1 in Conjurations
  1819 | D:2      | Reached skill level 1 in Hexes
  1819 | D:2      | Reached skill level 1 in Summonings
  1819 | D:2      | Reached skill level 1 in Necromancy
  1819 | D:2      | Reached skill level 1 in Translocations
  1819 | D:2      | Reached skill level 1 in Transmutations
  1819 | D:2      | Reached skill level 1 in Fire Magic
  1819 | D:2      | Reached skill level 1 in Ice Magic
  1819 | D:2      | Reached skill level 1 in Air Magic
  1819 | D:2      | Reached skill level 1 in Poison Magic
  2053 | D:2      | Learned a level 3 spell: Stone Arrow
  2205 | D:3      | Noticed Ijyb
  2258 | D:3      | Gained mutation: You have a pair of small horns on your
                  | head. [potion of mutation]
  2258 | D:3      | Gained mutation: You are partially covered in iridescent
                  | scales. (AC +2) [potion of mutation]
  2258 | D:3      | Gained mutation: Your spells are a little easier to cast,
                  | but a little less powerful. [potion of mutation]
  2265 | D:3      | HP: 1/32 [Ijyb/+0 club (2)]
  2266 | D:3      | Slain by Ijyb

Illustrated notes

Levels and vault maps discovered:
D:1:      dpeg_arrival_castle, layout_loops_ring, basic_ecumenical_altar,
          minmay_misc_feat_four_crosses
D:2:      layout_basic, basic_altar, chequers_serial_rivers_room_a,
          solitary_fountain, uniq_jessica
D:3:      minmay_diamond_boxcup, layout_loops_ring, uniq_natasha, uniq_ijyb

Skill      XL: |  1  2  3  4 |
---------------+-------------+-----
Dodging        | | 10.5
Earth Magic    | 2 |  2.3
Spellcasting   | 5 |  5.1
Invocations    | 1 |  1.4
Fighting       | 1 |  1.2
Short Blades   | 1 |  1.2
Long Blades    | 1 |  1.2
Axes           | 1 |  1.2
Maces & Flails | 1 |  1.2
Polearms       | 1 |  1.2
Staves         | 1 |  1.2
Slings         | 1 |  1.2
Bows           | 1 |  1.2
Crossbows      | 1 |  1.2
Throwing       | 1 |  1.2
Armour         | 1 |  1.2
Stealth        | 1 |  1.2
Shields        | 1 |  1.2
Unarmed Combat | 1 |  1.2
Conjurations   | 1 |  1.0
Hexes          | 1 |  1.0
Summonings     | 1 |  1.0
Necromancy     | 1 |  1.0
Translocations | 1 |  1.0
Transmutations | 1 |  1.0
Fire Magic     | 1 |  1.0
Ice Magic      | 1 |  1.0
Air Magic      | 1 |  1.0
Poison Magic   | 1 |  1.0
Evocations     | |  4.7

Action                   |  1- 3 |  4- 6 || total
-------------------------+-------+-------++-------
Melee: Dagger            |    30 |    46 ||    76
       Bite              |     2 |     2 ||     4
       Punch             |     1 |     1 ||     2
       Unarmed           |       |    31 ||    31
 Cast: Sandblast         |    46 |    18 ||    64
Evoke: Wand              |     2 |       ||     2
  Use: Potion            |       |     2 ||     2
 Stab: Sleeping          |       |     1 ||     1
Armor: Leather armour    |     4 |    11 ||    15
       Skin              |       |    39 ||    39
Dodge: Dodged            |    50 |    85 ||   135
